cohdb
Replays
Latest Replays
All Replays
Popular Replays
Top Player Replays
Match Explorer
How It Works
Community
CoH3 Stats
Reddit
Sign in to upload your games and track your stats! →
Sign in with Steam
Match 43069725
Unlisted
Match 43069725
Overview
Messages
Build Orders
End
Construct Barracks
Scout Squad
Riflemen Squad
Selects Airborne Battlegroup
Selects Airborne Battlegroup
Selects Heavy Machine Gun Paradrop
Heavy Machine Gun Paradrop
Riflemen Squad
Heavy Machine Gun Paradrop
Air Support Center
Riflemen Squad
Construct Medical Station
Selects Paratrooper Squad Paradrop
P-47 Strafing Run
P-47 Dive Bomb
Heavy Machine Gun Paradrop
Selects Anti-tank Gun Team Paradrop
Anti-tank Gun Team Paradrop
P-47 Strafing Run
Heavy Machine Gun Paradrop
P-47 Strafing Run
Grasshopper Recon Run
Anti-tank Gun Team Paradrop
P-47 Strafing Run
P-47 Dive Bomb
P-47 Dive Bomb
Anti-tank Gun Team Paradrop
XuZhongwei
Max Power
0
0
Comments
sign in to comment!
No comments posted yet!